 Dungeon Sprint DCSS version 0.22-a0-246-gdc04c06 (console) character file.

8 sorlin the Ruffian (level 2, -3/26 HPs)
             Began as a Ghoul Monk on Feb 22, 2018.
             Slain by a sky beast (5 damage)
             ... in the Dungeon (Sprint IX: "|||||||||||||||||||||||||||||").
             The game lasted 00:00:22 (150 turns).

sorlin the Ruffian (Ghoul Monk)                      Turns: 150, Time: 00:00:23

Health: -3/26      AC:  2    Str: 14    XL:     2   Next: 8%
Magic:  1/1        EV: 12    Int:  5    God:
Gold:   0          SH:  0    Dex: 11    Spells: 1/1 levels left

rFire    . . .     SeeInvis .     - Unarmed
rCold    + . .     Gourm    .   (no shield)
rNeg     + + +     Faith    .   a - +0 robe
rPois    ∞         Spirit   .   (no helmet)
rElec    .         Reflect  .   (no cloak)
rCorr    .         Harm     .   (no gloves)
MR       .....     NoTele   +   (no boots)
Stlth    ++........             (no amulet)
HPRegen  0.00/turn              (no ring)
MPRegen  0.07/turn              (no ring)

@: rotting, hasted, very quick
A: rotting body, claws 1, carnivore, cold resistance 1, negative energy
resistance 3, inhibited regeneration, torment resistance, unbreathing
a: no special abilities


You were in the Dungeon.
You were not hungry.

You visited 1 branch


Innate Abilities, Weirdness & Mutations

Your body is rotting away.
You thrive on raw meat.
You are immune to poison.
You have sharp fingernails.
You are carnivorous and can eat meat at any time.
Your flesh is cold resistant. (rC+)
You are immune to negative energy. (rN+++)
You do not regenerate when monsters are visible.
You are immune to unholy pain and torment.
You can survive without breathing.


   Skills:
 - Level 3.2 Fighting
 - Level 2.6 Dodging
 - Level 2.1 Stealth
 + Level 5.5 Unarmed Combat


You had one spell level left.
You didn't know any spells.

Inventory:

Armour
 a - a +0 robe (worn)
Scrolls
 h - a scroll of blinking
Potions
 c - a potion of curing
 d - a potion of heal wounds {!q}
 f - 2 potions of magic {!q}
 g - a potion of berserk rage {!q}
Comestibles
 b - a ration


Message History

You barely miss the bat. The bat hits you. The bat misses you.
You take 1 damage.
You claw the bat!
You kill the bat!
You see here a club.
You start resting.
You start resting.
HP restored.
Really quaff
e - a potion of haste {!q}?
You feel yourself speed up.
You open the door.
A frilled lizard, a sky beast, an orc and 2 skeletons come into view.
The orc shouts!
The frilled lizard hisses angrily.
The orc hits you with a flail.
There is an open door here.
You take 3 damage.
You barely miss the orc. You claw the orc!
You kill the orc!
Your Unarmed Combat skill increases to level 5!
You barely miss the quokka skeleton. You claw the quokka skeleton!
You destroy the quokka skeleton!
You have reached level 2!
You claw the frilled lizard!
You kill the frilled lizard!
You see here a flail.
You claw the quokka skeleton!
You destroy the quokka skeleton!
The sky beast flickers out of sight!
Deactivating autopickup; reactivate with Ctrl-A.
Something hits you. Something shocks you.
You take 8 damage.
You scratch something but do no damage. You barely miss something.
A sky beast appears from thin air!
Reactivating autopickup.
The sky beast barely misses you.
You scratch the sky beast but do no damage.
You closely miss the sky beast. The sky beast hits you.
* * * LOW HITPOINT WARNING * * *
The sky beast shocks you.
* * * LOW HITPOINT WARNING * * *
You take 8 damage.
You scratch the sky beast but do no damage.
You scratch the sky beast.
The sky beast is lightly wounded.
The sky beast hits you.
* * * LOW HITPOINT WARNING * * *
The sky beast shocks you.
You die... ██████████████████ █<...')....')@Y..+ ██████████████████

You could see a sky beast.

Vanquished Creatures
  An orc (D)
  A hobgoblin (D)
  A ball python (D)
  A bat (D)
  2 frilled lizards (D)
  A kobold (D)
  2 quokka skeletons (D)
9 creatures vanquished.

Notes
Turn   | Place    | Note
-------+----------+-------------------------------------------
     0 | D        | sorlin the Ghoul Monk began the quest for the Orb.
     0 | D        | Reached XP level 1. HP: 19/19 MP: 0/0
     9 | D        | Reached skill level 4 in Unarmed Combat
   135 | D        | Noticed a sky beast
   138 | D        | Reached skill level 5 in Unarmed Combat
   140 | D        | Reached XP level 2. HP: 22/26 MP: 1/1
   148 | D        | HP: 6/26 [sky beast (5)]
   150 | D        | HP: 2/26 [sky beast (4)]
   150 | D        | Slain by a sky beast

Vault maps used:
D:        linesprint

Action                   || total
-------------------------++-------
Melee: Unarmed           ||    27
  Use: Potion            ||     1
Armor: Robe              ||     4
Dodge: Dodged            ||     8
